 Dungeon Crawl Stone Soup version 0.29.1-12-g30fa7ad0bf (webtiles) character file.

Game seed: 10351877806978173514

558927 wingedge the Axe Maniac (level 26, -10/266 HPs)
             Began as a Hill Orc Fighter on Jan 8, 2023.
             Was an Initiate of Gozag.
             Mangled by a Killer Klown
             ... wielding a +9 club of electrocution
              (14 damage)
             ... on level 5 of the Realm of Zot.
             The game lasted 04:17:30 (80124 turns).

wingedge the Axe Maniac (Hill Orc Fighter)         Turns: 80124, Time: 04:17:30

Health: -10/266    AC: 33    Str: 25 (29) XL:     26   Next: 57%
Magic:  8/8        EV: 15    Int: -1 (4)  God:    Gozag
Gold:   8          SH:  5    Dex: 11 (15) Spells: 31/33 levels left

rFire   + + .      SeeInvis +   A - +0 war axe (antimagic)
rCold   + . .      Faith    .   (no shield)
rNeg    . . .      Spirit   .   Z - +3 chain mail {rPois}
rPois   +          Reflect  +   o - +1 helmet "Vesul" {Will++ Dex-3}
rElec   +          Harm     .   X - +2 cloak {rCorr}
rCorr   +          Rampage  .   F - +1 pair of gloves {hurl}
Will    +++..                   U - +2 pair of boots {Fly}
Stlth   ..........              K - amulet of reflection
HPRegen 0.54/turn               w - ring "Jeoxethrui" {Drain rF+++ Int-4 Dex+6 Stlth+}
MPRegen 0.11/turn               g - ring "Pyid" {rC+ SInv}

@: mighty, brilliant, marked, fire vulnerable, flying, hasted and slowed, lost
intelligence, studying Shields, bribing [the Realm of Zot], unable to read
A: low MP 1, electricity resistance, noise suppression
}: 3/15 runes: decaying, serpentine, abyssal
a: Renounce Religion, Potion Petition, Call Merchant, Bribe Branch


You were on level 5 of the Realm of Zot.
You worshipped Gozag.
Gozag was noncommittal.
You visited 8 branches of the dungeon, and saw 43 of its levels.
You visited the Abyss 4 times.
You also visited: Ice Cave and Volcano.

You collected 28238 gold pieces.
You spent 5920 gold pieces at shops.
You paid 22310 gold pieces to Gozag.

Inventory:

Hand Weapons
 a - a +9 battleaxe of flaming
 b - a +3 battleaxe of freezing
 A - a +0 antimagic war axe (weapon)
Missiles
 k - 3 silver boomerangs
 q - 12 javelins
 s - 5 throwing nets
 y - 3 silver javelins
 B - 4 boomerangs (quivered)
Armour
 o - the +1 helmet "Vesul" (worn) {Will++ Dex-3}
   (You bought it in a shop on level 4 of the Realm of Zot)

   Dex:       It affects your dexterity (-3).
   Will:      It greatly increases your willpower.
 u - +6 storm dragon scales
 x - the +0 helmet of the Impish God {rC+ Int+4 Slay+3}
   (You bought it in a shop on level 2 of the Orcish Mines)

   Int:       It affects your intelligence (+4).
   Slay:      It affects your accuracy & damage with ranged weapons and melee
   (+3).
   rC:        It protects you from cold.
 F - a +1 pair of gloves of hurling (worn)
 J - a +2 plate armour of willpower
 U - a +2 pair of boots of flying (worn)
 X - a +2 cloak of preservation (worn)
 Z - a +3 chain mail of poison resistance (worn)
Jewellery
 g - the ring "Pyid" (right hand) {rC+ SInv}
   (You bought it in a shop on level 2 of the Orcish Mines)

   [ring of see invisible]

   rC:        It protects you from cold.
   SInv:      It lets you see invisible.
 p - an amulet of regeneration
 v - a ring of poison resistance
 w - the ring "Jeoxethrui" (left hand) {Drain rF+++ Int-4 Dex+6 Stlth+}
   (You acquired it on level 6 of the Dungeon)

   [ring of dexterity]

   Int:       It affects your intelligence (-4).
   Dex:       It affects your dexterity (+6).
   rF:        It renders you almost immune to fire.
   Drain:     It drains your maximum health when unequipped.
   Stlth:     It makes you more stealthy.
 G - a ring of positive energy
 I - a ring of resist corrosion
 K - an amulet of reflection (around neck)
 L - a ring of flight
Wands
 c - a wand of digging (23)
 d - a wand of quicksilver (35)
 t - a wand of mindburst (66)
 H - a wand of roots (46)
 W - a wand of paralysis (31)
Scrolls
 j - 8 scrolls of blinking
 l - 22 scrolls of teleportation
 m - 7 scrolls of magic mapping
 M - 5 scrolls of fear
 T - 3 scrolls of summoning
 V - 4 scrolls of silence
 Y - 5 scrolls of fog
Potions
 e - 3 potions of heal wounds
 f - 12 potions of curing
 h - 3 potions of haste
 i - 8 potions of flight
 r - 7 potions of magic
 z - 5 potions of might
 C - 11 potions of mutation
 D - 2 potions of cancellation
 E - 3 potions of invisibility
 O - 3 potions of berserk rage
 P - 10 potions of ambrosia
 S - 3 potions of resistance
Miscellaneous
 n - a box of beasts
 N - a tin of tremorstones (2/2)
 Q - a phantom mirror
 R - a condenser vane


   Skills:
 O Level 27 Fighting
 O Level 27 Axes
 - Level 17.0 Throwing
 + Level 23.3 Armour
 - Level 16.0 Dodging
 - Level 10.0 Shields
 - Level 4.0 Spellcasting
 - Level 8.0 Transmutations
 - Level 15.0 Evocations


You had 31 spell levels left.
You knew the following spells:

 Your Spells              Type           Power      Damage    Failure   Level
a - Wereblood             Tmut           0%         N/A       8%          2

Your spell library contained the following spells:

 Spells                   Type           Power      Damage    Failure   Level
 Beastly Appendage        Tmut           0%         N/A       4%          1
 Spider Form              Tmut/Pois      0%         N/A       61%         3
 Apportation              Tloc           0%         N/A       80%         1
 Magic Dart               Conj           0%         1d3       80%         1
 Necrotise                Necr           0%         1d4       80%         1
 Shock                    Conj/Air       0%         1d3       80%         1
 Summon Small Mammal      Summ           0%         N/A       80%         1
 Ignite Poison            Fire/Tmut/Pois 0%         N/A       80%         3
 Blade Hands              Tmut           0%         N/A       80%         5
 Blink                    Tloc           0%         N/A       90%         2
 Searing Ray              Conj           0%         2d4       90%         2
 Static Discharge         Conj/Air       0%         3-3/arc   90%         2
 Ice Form                 Ice/Tmut       0%         N/A       95%         4
 Petrify                  Tmut/Erth      0%         N/A       95%         4
 Call Canine Familiar     Summ           0%         N/A       99%         3
 Dazzling Flash           Conj/Hex       0%         N/A       99%         3
 Frozen Ramparts          Ice            0%         1d1       99%         3
 Gell's Gravitas          Tloc           0%         N/A       99%         3
 Lesser Beckoning         Tloc           0%         N/A       99%         3
 Ozocubu's Armour         Ice            0%         N/A       99%         3
 Summon Guardian Golem    Hex/Summ       0%         N/A       99%         3
 Swiftness                Air            0%         N/A       99%         3
 Teleport Other           Tloc           0%         N/A       99%         3
 Airstrike                Air            0%         2d(0-16)  100%        4
 Animate Armour           Summ/Erth      0%         N/A       100%        4
 Cause Fear               Hex            0%         N/A       100%        4
 Dispel Undead            Necr           0%         3d6       100%        4
 Fulminant Prism          Conj/Hex       0%         3d6       100%        4
 Iskenderun's Mystic Bla  Conj/Tloc      0%         2d3       100%        4
 Sticky Flame             Conj/Fire      0%         2d3       100%        4
 Summon Ice Beast         Ice/Summ       0%         N/A       100%        4
 Summon Lightning Spire   Summ/Air       0%         N/A       100%        4
 Alistair's Intoxication  Tmut/Pois      0%         N/A       100%        5
 Borgnjor's Vile Clutch   Necr/Erth      0%         N/A       100%        5
 Fireball                 Conj/Fire      0%         3d3       100%        5
 Irradiate                Conj/Tmut      0%         3d11      100%        5
 Lightning Bolt           Conj/Air       0%         1d11      100%        5
 Manifold Assault         Tloc           0%         N/A       100%        5
 Metabolic Englaciation   Hex/Ice        0%         N/A       100%        5
 Summon Forest            Summ/Tloc      0%         N/A       100%        5
 Summon Mana Viper        Hex/Summ       0%         N/A       100%        5
 Dispersal                Tloc           0%         N/A       100%        6
 Eringya's Noxious Bog    Tmut/Pois      0%         N/A       100%        6
 Iron Shot                Conj/Erth      0%         9d1       100%        6
 Starburst                Conj/Fire      0%         6d3       100%        6
 Statue Form              Tmut/Erth      0%         N/A       100%        6
 Summon Cactus Giant      Summ           0%         N/A       100%        6
 Dragon Form              Tmut           0%         N/A       100%        7
 Haunt                    Necr/Summ      0%         N/A       100%        7
 Malign Gateway           Summ/Tloc      0%         N/A       100%        7
 Ozocubu's Refrigeration  Ice            0%         4d7       100%        7
 Infestation              Necr           0%         N/A       100%        8
 Dragon's Call            Summ           0%         N/A       100%        9
 Animate Dead             Necr           Unusable   N/A       N/A         4

Dungeon Overview and Level Annotations

Branches:
Dungeon (15/15)            Temple (0/1) D:6            Lair (5/5) D:9
  Swamp (4/4) Lair:3        Snake (4/4) Lair:2        Slime (0/5) Lair:5
    Orc (2/2) D:9             Elf (0/3) Orc:2        Vaults (4/5) D:13
  Crypt (0/3) Vaults:3     Depths (4/4) D:15            Zot (5/5) Depths:4
  IceCv (visited)         Volcano (visited)

Altars:
Gozag
Kikubaaqudgha
Makhleb
Ru
Trog
Yredelemnul
Beogh
Jiyva
Lugonu

Shops:
D:9 *   Orc:1 [   Orc:2 [*=*(   Vaults:2 (   Vaults:3 (   Zot:4 [
Depths:1 [:((*:   Depths:4 (*[[

Portals:
Hell: Depths:1 Depths:2 Depths:3 Depths:4
Abyss: Lair:2 Depths:1 Depths:3
Pandemonium: Depths:1 Depths:2
Ziggurat: Depths:2

Annotations:
Lair:5 3 runed translucent doors, Radix's ghost, journeyman HOFi
Snake:1 2 transporters, sanboga's ghost, adept MiBe
Vaults:1 1 runed translucent door, christhawk's ghost, adept MiHu


Innate Abilities, Weirdness & Mutations

Your magical capacity is low. (-10% MP)
You are resistant to electric shocks. (rElec)
You passively dampen the noise of your surroundings.


Message History

You feel much better.
The orb of fire's magic is no longer disrupted.
The Killer Klown's magic is no longer disrupted.
The orb of fire glows yellow.
The bolt of fire hits you. You resist.
* * * LOW HITPOINT WARNING * * *
The electric golem hits you.
* * * LOW HITPOINT WARNING * * *
The electric golem shocks you. You resist.
* * * LOW HITPOINT WARNING * * *
The electric golem hits you but does no damage. x2
You block the electric golem's attack.
The Killer Klown squeezes you with a +9 club of electrocution!
* * * LOW HITPOINT WARNING * * *
The ancient lich touches you but does no damage.
The electric golem hits you but does no damage.
The electric golem misses you. The electric golem barely misses you.
The electric golem hits you but does no damage.
An Orb Guardian comes into view.
Unknown command.
You feel much better.
The Killer Klown blinks!
The ancient lich touches you but does no damage.
The Killer Klown prods you with a +9 club of electrocution!
* * * LOW HITPOINT WARNING * * *
The electric golem closely misses you. The electric golem barely misses you.
The electric golem hits you.
* * * LOW HITPOINT WARNING * * *
The electric golem completely misses you.
The orb of fire glows red.
Strange energies course through your body.
You feel your surroundings grow quieter.
The black draconian breathes lightning at you.
The bolt of lightning hits the orb of fire.
The orb of fire completely resists.
The bolt of lightning hits you! You resist.
* * * LOW HITPOINT WARNING * * *
An Orb Guardian comes into view.
The ancient lich touches you but does no damage.
The Killer Klown karate-kicks you with a +9 club of electrocution!
You die...
Your body crumbles into a pile of gold.

,,,*,,,,,,,,q....L9.......▓*
^,**,,,,,,,,d.p^..§..^....^**
,***^,,,,,,,dq.............,*
** *,,,,,,,,.....^.........,*
**,,,,,,,...............**
***,,,,,...^..........▓*
****,,.......^.....▓*
#▓▓▓▓▓▓▓▓▓▓▓##X....▓▓
###.......$.$@*dX§..^.#*
##....##..$$.9pLX.......#*
###...###.......X..........**
.....###.............^.....,*
....## #[.^...^p...........,*
....# #...............p...,*
...## #...................,*
...# #..................,,*
..^## #.[..^..........,,,,,*


You could see an orb of fire, 3 Killer Klowns, an electric golem, an ancient
lich (fast), a black draconian and 4 Orb Guardians.

Vanquished Creatures
  2 dread liches
  An ancient lich (Zot:5)
  3 juggernauts
  the Lernaean hydra (Swamp:4)
  5 Killer Klowns
  2 curse toes
  Saint Roka (Orc:2)
  9 golden dragons
  Nikola (Vaults:3)
  A bone dragon (Abyss:2)
  A Brimstone Fiend (Depths:3)
  3 electric golems
  A hellephant (Abyss:3)
  Rupert (D:14)
  11 tentacled monstrosities
  Jorgrun (Swamp:1)
  8 acid blobs (Depths:1)
  A walking divine tome (Depths:2)
  A lich (Depths:3)
  8 Orb Guardians (Zot:5)
  5 quicksilver dragons
  2 Executioners
  6 sphinxes
  An ancient champion (Depths:3)
  5 tengu reavers
  8 death cobs
  11 tentacled starspawn
  13 storm dragons
  Kirke (Lair:3)
  Donald (Vaults:3)
  7 shadow dragons
  2 rockslimes (Depths:1)
  3 azure jellies (Depths:1)
  6 draconian monks
  2 nagarajas
  A revenant (Abyss:3)
  10 fire giants
  9 draconian knights
  A daeva (Abyss:3)
  9 frost giants
  3 balrugs
  3 deep elf sorcerers
  10 vault wardens
  2 orc warlords
  3 iron dragons
  2 cacodemons
  7 draconian scorchers
  3 ghost moths
  6 draconian shifters
  2 deep elf elementalists (Abyss:3)
  Louise (D:15)
  7 draconian stormcallers
  6 ironbound thunderhulks
  9 draconian annihilators
  14 ironbound preservers
  4 spriggan defenders
  20 very ugly things
  3 vampire knights
  A war gargoyle (Vaults:4)
  11 stone giants
  Nessos (D:15)
  13 black draconians
  7 green draconians
  A deep elf annihilator (Vaults:2)
  3 eleionomae
  2 deep elf demonologists (Depths:3)
  3 bunyips
  An entropy weaver (shapeshifter) (Depths:3)
  12 purple draconians
  19 white draconians
  15 dire elephants
  Azrael (D:14)
  3 entropy weavers
  13 yellow draconians
  6 ettins
  13 red draconians
  3 blizzard demons
  A merfolk impaler (Depths:4)
  11 fire dragons
  6 rakshasas
  The ghost of wormed the Carver, a journeyman DgGl (Lair:2)
  17 yaktaur captains
  7 great orbs of eyes
  7 ice dragons
  18 hydras
  A hell beast (Depths:3)
  A salamander tyrant (Snake:4)
  9 vault guards
  3 catoblepae
  5 boulder beetles
  4 spriggan air magi
  The ghost of hawla the Thaumaturge, a journeyman MeFE of Vehumet (D:10)
  2 peacekeepers
  25 centaur warriors
  A merfolk avatar (Lair:5)
  8 two-headed ogres
  2 ghost crabs
  Erica (Orc:1)
  12 naga warriors
  12 alligators
  A death knight (Abyss:3)
  7 ironbound frosthearts
  8 anacondas
  An orc high priest (Orc:2)
  A hell hog (Depths:3)
  15 deep troll shamans
  7 naga sharpshooters
  11 death yaks
  10 deep troll earth magi
  2 alligators (shapeshifter)
  2 vampire magi
  7 tengu warriors
  7 shock serpents
  6 spriggan berserkers
  21 thrashing horrors
  Urug (Lair:4)
  A soul eater (Abyss:3)
  6 sun demons (Abyss:3)
  22 hell knights
  7 skeletal warriors
  Amaemon (D:10)
  2 salamander mystics
  9 wretched stars (Abyss:3)
  A deep troll (shapeshifter) (Depths:2)
  75 deep trolls
  13 iron trolls
  4 goliath frogs
  An orb spider (Abyss:3)
  5 spriggan druids
  3 sixfirhies
  A steelbarb worm (shapeshifter) (Depths:2)
  4 sea snakes (Snake:2)
  5 flayed ghosts
  12 wizards
  A bog body (Swamp:3)
  6 phantasmal warriors
  A death drake (Abyss:3)
  5 glowing orange brains
  4 naga ritualists
  8 lindwurms
  20 swamp dragons
  6 necromancers
  A lindwurm (shapeshifter) (Depths:4)
  Pikel (D:5)
  7 mana vipers
  5 harpies (Vaults:1)
  A deep elf pyromancer (D:12)
  17 ironbound convokers
  6 orc knights
  An oklob plant (Lair:5)
  41 ugly things
  3 orc sorcerers (Orc:2)
  A fire giant zombie (Vaults:3)
  2 manticores (Lair:5)
  2 spectral centaurs (D:10)
  6 worldbinders
  An elephant (shapeshifter) (Abyss:3)
  7 salamanders
  2 will-o-the-wisps
  2 cyclopes
  28 large abominations
  16 elephants
  A rust devil (Abyss:3)
  33 black mambas
  4 molten gargoyles (D:13)
  17 moths of wrath
  Maurice (D:11)
  12 smoke demons
  5 apocalypse crabs (Abyss:3)
  Joseph (Lair:1)
  An eye of devastation (Abyss:2)
  2 gargoyles (D:12)
  4 guardian serpents
  15 vault sentinels
  4 orange demons
  3 unseen horrors
  A centaur skeleton (Abyss:3)
  9 cane toads
  An ice statue (IceCv)
  15 naga magi
  10 komodo dragons
  A hellion (Depths:2)
  A freezing wraith (Abyss:3)
  5 rime drakes
  2 tormentors (Abyss:3)
  2 yaktaur zombies (Vaults:3)
  14 ancient zymes (Abyss:3)
  3 tengu conjurers
  An efreet (Abyss:3)
  42 yaktaurs
  3 hellwings
  4 kobold demonologists
  10 trolls
  A meliai (shapeshifter) (Depths:4)
  10 tyrant leeches
  8 hornets
  A queen bee (Lair:2)
  6 blink frogs
  12 polar bears
  3 wind drakes (Lair:5)
  21 raiju (Abyss:3)
  2 snapping turtles (Lair:5)
  38 slime creatures
  A jumping spider (Vaults:4)
  A deep troll skeleton (Vaults:3)
  A jumping spider (shapeshifter) (Abyss:3)
  An ettin skeleton (Abyss:3)
  8 water elementals
  7 flying skulls
  3 centaur simulacra
  3 hogs (Lair:3)
  6 wraiths
  3 shadows
  9 spriggans
  4 ynoxinuls (Abyss:3)
  Grum (D:10)
  A vampire (Abyss:3)
  5 wyverns
  A fire bat (Abyss:3)
  4 golden eyes (Abyss:3)
  38 yaks
  5 basilisks
  16 vampire mosquitoes
  4 chaos spawn
  14 neqoxecs
  2 fire elementals (D:14)
  20 humans (D:13)
  A death yak simulacrum (Lair:5)
  3 redbacks (Vaults:4)
  7 wargs
  4 steam dragons
  A swamp worm (shapeshifter) (Vaults:4)
  28 nagas
  13 swamp worms
  4 floating eyes
  7 water moccasins
  Duvessa (D:4)
  An acid dragon (D:9)
  10 swamp drakes
  4 black bears
  11 hell hounds
  An ice beast (D:6)
  A meliai simulacrum (D:10)
  31 orc warriors
  6 ogres
  A boggart (shapeshifter) (D:14)
  5 boggarts (D:15)
  29 wolves
  16 centaurs
  A phantom (D:5)
  A human skeleton (Vaults:3)
  3 kobold brigands
  2 earth elementals
  4 scorpions
  10 bullfrogs
  A necrophage (D:5)
  4 gnoll sergeants
  26 small abominations
  Dowan (D:4)
  4 wights (D:9)
  39 killer bees
  2 electric eels
  2 howler monkeys
  41 starcursed masses (Abyss:3)
  4 jellies
  19 orc priests
  11 hounds
  A quasit (Abyss:2)
  3 gnoll boudas
  6 iguanas
  16 orc wizards
  A polar bear simulacrum (Lair:5)
  A boggart simulacrum (D:10)
  Robin (D:4)
  27 gnolls
  7 adders
  3 shadow imps
  5 white imps
  5 ufetubi
  4 dart slugs
  66 orcs
  4 endoplasms
  4 giant cockroaches
  15 goblins
  17 hobgoblins
  17 jackals
  2 quokkas
  4 ball pythons
  6 bats
  5 frilled lizards
  15 kobolds
  3 rats
  A lurking horror (Lair:2)
  10 starspawn tentacles
2129 creatures vanquished.

Vanquished Creatures (collateral kills)
  A hydra (Lair:5)
  A naga sharpshooter (Snake:4)
  A salamander mystic (Snake:4)
  An ogre (Orc:1)
4 creatures vanquished.

Vanquished Creatures (others)
  A tengu warrior (Depths:4)
  A thrashing horror (Abyss:2)
  2 yaktaurs (Vaults:3)
  A neqoxec (Abyss:3)
  A small abomination (Abyss:3)
  10 foxfires
  37 fungi
  5 lurking horrors
  119 plants
  13 starspawn tentacles
190 creatures vanquished.

Grand Total: 2323 creatures vanquished

Notes
Turn   | Place    | Note
-------+----------+-------------------------------------------
     0 | D:1      | wingedge the Hill Orc Fighter began the quest for the Orb.
     0 | D:1      | Reached XP level 1. HP: 19/19 MP: 1/1
   179 | D:1      | Reached XP level 2. HP: 25/27 MP: 2/2
   766 | D:1      | Reached XP level 3. HP: 35/35 MP: 3/3
   771 | D:1      | Found a faded altar of an unknown god.
   875 | D:1      | Reached skill level 5 in Fighting
  1685 | D:2      | Reached XP level 4. HP: 39/42 MP: 4/4
  1767 | D:2      | Reached skill level 1 in Throwing
  2329 | D:3      | Reached XP level 5. HP: 36/48 MP: 5/5
  3039 | D:4      | Noticed Duvessa
  3040 | D:4      | Noticed Dowan
  3047 | D:4      | Killed Duvessa
  3048 | D:4      | Reached skill level 5 in Axes
  3048 | D:4      | Reached XP level 6. HP: 25/56 MP: 6/6
  3054 | D:4      | Killed Dowan
  3315 | D:4      | Noticed Robin
  3324 | D:4      | Killed Robin
  3525 | D:4      | Reached skill level 1 in Evocations
  3528 | D:4      | Reached XP level 7. HP: 29/63 MP: 7/7
  4236 | D:4      | Found an opulent altar of Gozag.
  4245 | D:4      | Became a worshipper of Gozag Ym Sagoz the Greedy
  4342 | D:5      | Entered Level 5 of the Dungeon
  4469 | D:5      | Reached skill level 5 in Shields
  4531 | D:5      | Noticed Pikel
  4537 | D:5      | Killed Pikel
  4538 | D:5      | Reached XP level 8. HP: 73/73 MP: 8/8
  4988 | D:5      | Reached skill level 10 in Axes
  5078 | D:5      | Reached XP level 9. HP: 72/79 MP: 9/9
  5460 | D:5      | Reached skill level 1 in Dodging
  6341 | D:6      | Found a staircase to the Ecumenical Temple.
  6562 | D:6      | Identified 3 scrolls of acquirement
  6562 | D:6      | Acquired a manual of Throwing
  6564 | D:6      | Acquired a manual of Dodging
  6566 | D:6      | Acquired the ring "Jeoxethrui" {Drain rF+++ Int-4 Dex+6
                  | Stlth+}
  7532 | D:7      | Reached skill level 5 in Throwing
  8306 | D:8      | Reached XP level 10. HP: 70/92 MP: 10/10
  8420 | D:8      | Reached skill level 10 in Fighting
  8985 | D:9      | Found a staircase to the Lair.
  9012 | D:9      | Reached skill level 5 in Armour
  9200 | D:9      | Found Nepoa's General Store.
  9205 | D:9      | Bought a potion of curing for 30 gold pieces
  9205 | D:9      | Bought a scroll of noise for 10 gold pieces
  9230 | D:9      | Found a bloodstained altar of Trog.
 10014 | D:9      | Found a roughly hewn altar of Beogh.
 10014 | D:9      | Found a staircase to the Orcish Mines.
 10711 | D:9      | Reached skill level 10 in Throwing
 10888 | D:9      | Found a burning altar of Makhleb.
 10993 | D:10     | Entered Level 10 of the Dungeon
 11042 | Lair:1   | Entered Level 1 of the Lair of Beasts
 11148 | Lair:1   | Identified the +6 quarterstaff of Obrolyri {vorpal, Fly}
 11217 | Lair:1   | Reached XP level 11. HP: 73/99 MP: 11/11
 11359 | Lair:1   | Noticed Joseph
 11375 | Lair:1   | Killed Joseph
 11852 | Lair:1   | Noticed a four-headed hydra
 11860 | Lair:1   | Killed a four-headed hydra
 12279 | Lair:1   | Noticed a five-headed hydra
 12289 | Lair:1   | Killed a five-headed hydra
 12290 | Lair:1   | Reached skill level 5 in Dodging
 12634 | Lair:2   | Found a one-way gate to the infinite horrors of the Abyss.
 13351 | Lair:2   | Found a runed translucent door.
 13366 | Lair:2   | Noticed an eight-headed hydra
 13376 | Lair:2   | Killed an eight-headed hydra
 13388 | Lair:2   | Noticed wormed's ghost (journeyman DgGl)
 13419 | Lair:2   | Killed wormed's ghost
 13420 | Lair:2   | Reached XP level 12. HP: 59/106 MP: 12/12
 13697 | Lair:2   | Reached skill level 10 in Shields
 13697 | Lair:2   | Found a staircase to the Snake Pit.
 13865 | Lair:2   | Found a corrupted altar of Lugonu.
 14616 | Lair:3   | Noticed Kirke
 14662 | Lair:3   | Killed Kirke
 14943 | Lair:3   | Noticed a seven-headed hydra
 14949 | Lair:3   | Killed a seven-headed hydra
 15113 | Lair:3   | Reached skill level 15 in Axes
 15828 | Lair:3   | Found a staircase to the Swamp.
 16476 | Lair:4   | Reached XP level 13. HP: 106/119 MP: 13/13
 16968 | Lair:4   | Noticed Urug
 16980 | Lair:4   | Killed Urug
 18142 | Lair:5   | Entered Level 5 of the Lair of Beasts
 18176 | Lair:5   | Found a frozen archway.
 18381 | IceCv    | Entered an ice cave
 19296 | IceCv    | Reached skill level 15 in Fighting
 19525 | IceCv    | Reached XP level 14. HP: 100/135 MP: 14/14
 19905 | IceCv    | Noticed a frost giant
 19934 | IceCv    | Killed a frost giant
 19935 | IceCv    | Reached skill level 10 in Dodging
 20393 | Lair:5   | Found a staircase to the Slime Pits.
 20394 | Lair:5   | Found a viscous altar of Jiyva.
 20953 | Lair:5   | Found a runed translucent gate.
 20953 | Lair:5   | Found a runed translucent gate.
 20954 | Lair:5   | Found a runed translucent gate.
 21032 | Lair:5   | Noticed Radix's ghost (journeyman HOFi)
 21268 | Lair:5   | Reached skill level 10 in Armour
 22418 | D:10     | Noticed Amaemon
 22495 | D:10     | Noticed Grum
 22511 | D:10     | Killed Amaemon
 22606 | D:10     | Killed Grum
 22869 | D:10     | Identified the +3 helmet "Bihouc" {Int+4}
 23018 | D:10     | Reached skill level 5 in Evocations
 23455 | D:10     | Found a runed translucent gate.
 23455 | D:10     | Found a runed translucent gate.
 23455 | D:10     | Found a runed translucent gate.
 23456 | D:10     | Noticed hawla's ghost (journeyman MeFE)
 23510 | D:10     | Killed hawla's ghost
 23673 | D:10     | Reached XP level 15. HP: 140/145 MP: 15/15
 23968 | Orc:1    | Entered Level 1 of the Orcish Mines
 24028 | Orc:1    | Found a dark tunnel.
 24036 | Volcano  | Entered a volcano
 24367 | Orc:2    | Entered Level 2 of the Orcish Mines
 24367 | Orc:2    | Found Caorph's Jewellery Shop.
 24716 | Orc:1    | Noticed Erica
 24728 | Orc:1    | Killed Erica
 24759 | Orc:1    | Found Mimnag's Armour Shop.
 24956 | Orc:2    | Noticed Saint Roka
 25046 | Orc:2    | Killed Saint Roka
 25190 | Orc:2    | Found a staircase to the Elven Halls.
 25452 | Orc:2    | Noticed an orc warlord
 25477 | Orc:2    | Killed an orc warlord
 25942 | Orc:2    | Found Demedot's General Store.
 26104 | Orc:2    | Bought the ring "Pyid" {rC+ SInv} for 435 gold pieces
 26132 | Orc:2    | Bought a potion of heal wounds for 70 gold pieces
 26132 | Orc:2    | Bought 2 potions of resistance for 280 gold pieces
 26132 | Orc:2    | Bought a potion of heal wounds for 70 gold pieces
 26132 | Orc:2    | Bought a scroll of enchant armour for 105 gold pieces
 26241 | Orc:2    | Found Utsuhouj's Antique Weapon Shop.
 26249 | Orc:2    | Bought a glowing battleaxe for 304 gold pieces
 26374 | Orc:2    | Found Unoetaick's Antique Armour Shoppe.
 26382 | Orc:2    | Bought a heavily runed helmet for 285 gold pieces
 26382 | Orc:2    | Identified the +0 helmet of the Impish God {rC+ Int+4
                  | Slay+3} (You bought it in a shop on level 2 of the Orcish
                  | Mines)
 26612 | Orc:2    | Bought an amulet of regeneration for 450 gold pieces
 27040 | D:11     | Noticed Maurice
 27043 | D:11     | Killed Maurice
 27112 | D:11     | Identified the +0 chain mail of the Salamander {Will+
                  | Str+2}
 27849 | D:12     | Acquired a manual of Dodging
 27896 | D:12     | Found the dreamshard necklace {*Dream Drain}
 28515 | D:12     | Found the +18 Lear's hauberk
 29996 | D:13     | Reached XP level 16. HP: 153/155 MP: 16/16
 30068 | D:13     | Found a gate to the Vaults.
 30852 | D:14     | Noticed Rupert
 30864 | D:14     | Killed Rupert
 30902 | D:14     | Noticed Azrael
 30913 | D:14     | Killed Azrael
 31533 | D:15     | Entered Level 15 of the Dungeon
 31695 | D:15     | Noticed Louise
 31717 | D:15     | Killed Louise
 31967 | D:15     | Noticed Nessos
 31974 | D:15     | Killed Nessos
 32652 | D:15     | Found a staircase to the Depths.
 33051 | Snake:1  | Entered Level 1 of the Snake Pit
 33362 | Snake:1  | Noticed sanboga's ghost (adept MiBe)
 33516 | Snake:1  | You fall into a shaft and drop 1 floor!
 34980 | Snake:1  | Found a transporter.
 34994 | Snake:1  | Found a transporter.
 36267 | Snake:2  | Reached XP level 17. HP: 159/161 MP: 17/17
 36274 | Snake:2  | Reached skill level 15 in Throwing
 37806 | Snake:3  | Identified the +10 falchion "Newtslayer" {speed, *Slow
                  | +Blink Str+6 Stlth-}
 38385 | Snake:4  | Entered Level 4 of the Snake Pit
 39506 | Snake:4  | Noticed a quicksilver dragon
 39508 | Snake:4  | Noticed a quicksilver dragon
 39524 | Snake:4  | Killed a quicksilver dragon
 39531 | Snake:4  | HP: 3/162 [quicksilver dragon (8)]
 39535 | Snake:4  | Killed a quicksilver dragon
 39828 | Snake:4  | Got a serpentine rune of Zot
 40815 | Swamp:1  | Entered Level 1 of the Swamp
 41083 | Swamp:1  | Noticed Jorgrun
 41094 | Swamp:1  | Killed Jorgrun
 41459 | Swamp:1  | Reached XP level 18. HP: 157/172 MP: 18/18
 42120 | Swamp:2  | Learned a level 2 spell: Wereblood
 42258 | Swamp:3  | Reached skill level 1 in Transmutations
 42491 | Swamp:3  | Identified the +0 helmet of Valiance {Harm}
 42861 | Swamp:4  | Entered Level 4 of the Swamp
 43159 | Swamp:4  | Reached skill level 15 in Dodging
 43879 | Swamp:4  | Reached skill level 5 in Transmutations
 44063 | Swamp:4  | Reached skill level 1 in Spellcasting
 44084 | Swamp:4  | Noticed the 27-headed Lernaean hydra
 44094 | Swamp:4  | Killed the 23-headed Lernaean hydra
 44436 | Swamp:4  | Got a decaying rune of Zot
 44893 | Vaults:1 | Entered Level 1 of the Vaults
 45494 | Vaults:1 | Reached XP level 19. HP: 156/180 MP: 23/25
 46987 | Vaults:1 | Found a runed translucent door.
 46987 | Vaults:1 | Noticed christhawk's ghost (adept MiHu)
 48415 | Vaults:2 | Identified the ring of Divine Intervention {Fire Fly rCorr
                  | Int-2 Stlth+}
 48425 | Vaults:2 | Identified the +1 robe of Loputros {rN+ rCorr Int+4 Dex+3}
 48479 | Vaults:2 | Noticed a golden dragon
 48487 | Vaults:2 | Killed a golden dragon
 49488 | Vaults:2 | Reached XP level 20. HP: 195/195 MP: 26/26
 49605 | Vaults:2 | Reached skill level 10 in Evocations
 50348 | Vaults:2 | Found Birphobat's Antique Weapon Boutique.
 50356 | Vaults:2 | Bought a shimmering battleaxe for 517 gold pieces
 50356 | Vaults:2 | Identified the +8 battleaxe of Senuj {chaos, rF- rC+ rN++}
                  | (You bought it in a shop on level 2 of the Vaults)
 51512 | Vaults:3 | Noticed Nikola
 51531 | Vaults:3 | Killed Nikola
 52881 | Vaults:3 | Found Loript's Weapon Shop.
 53436 | Vaults:3 | Noticed Donald
 53448 | Vaults:3 | Killed Donald
 53468 | Vaults:3 | Found a staircase to the Crypt.
 53468 | Vaults:3 | Found a basalt altar of Yredelemnul.
 53468 | Vaults:3 | Found an ancient bone altar of Kikubaaqudgha.
 54299 | Vaults:4 | Reached XP level 21. HP: 204/204 MP: 27/27
 54339 | Vaults:4 | Paralysed by a vault sentinel for 5 turns
 56650 | Lair:2   | Voluntarily entered the Abyss.
 56814 | Abyss:2  | Gained mutation: Your spells are a little easier to cast,
                  | but a little less powerful. [a neqoxec]
 57016 | Lair:2   | Escaped the Abyss
 57076 | Lair:2   | Voluntarily entered the Abyss.
 57119 | Abyss:2  | Noticed a bone dragon
 57129 | Abyss:2  | Killed a bone dragon
 57260 | Abyss:3  | Found a corrupted altar of Lugonu.
 57678 | Abyss:3  | Reached XP level 22. HP: 180/213 MP: 28/28
 57750 | Lair:2   | Escaped the Abyss
 57936 | Lair:2   | Voluntarily entered the Abyss.
 58109 | Abyss:3  | Paralysed by accursed screaming for 1 turns
 58116 | Abyss:3  | Reached skill level 27 in Axes
 58449 | Lair:2   | Escaped the Abyss
 58526 | Lair:2   | Voluntarily entered the Abyss.
 59026 | Abyss:3  | Found a hide-covered altar of Uskayaw.
 59027 | Abyss:3  | Gained mutation: You are dopey. (Int -2) [a neqoxec]
 59029 | Abyss:3  | Gained mutation: Your magical capacity is low. (-10% MP) [a
                  | neqoxec]
 59337 | Abyss:3  | Noticed a dread lich
 59348 | Abyss:3  | Killed a dread lich
 59486 | Abyss:3  | Gained mutation: You are frail. (-10% HP) [a neqoxec]
 59702 | Abyss:3  | Got an abyssal rune of Zot
 59719 | Lair:2   | Escaped the Abyss
 60072 | Depths:1 | Entered Level 1 of the Depths
 60303 | Orc:2    | Bought a box of beasts for 1160 gold pieces
 60303 | Orc:2    | Bought a scroll of enchant weapon for 217 gold pieces
 60521 | Depths:1 | Found Yxtiafer's Demolitions Depot.
 60546 | Depths:1 | Found a one-way gate leading to the halls of Pandemonium.
 60553 | Depths:1 | Bought a wand of quicksilver (7) for 294 gold pieces
 60674 | Depths:1 | Reached XP level 23. HP: 185/206 MP: 26/26
 60698 | Depths:1 | Found Ulummy's Antique Weapon Boutique.
 60886 | Depths:1 | Found a runed translucent door.
 61265 | Depths:1 | Identified the +1 plate armour "Houlua" {Str+4}
 61277 | Depths:1 | Found Jygihab's Book Boutique.
 61404 | Depths:1 | Found a gateway to Hell.
 61561 | Depths:1 | Found Juetesm's Book Shoppe.
 61827 | Depths:1 | Found Ronkai's Antique Armour Shop.
 62172 | Depths:1 | Found Tiwn's Weapon Shoppe.
 63029 | Depths:2 | Noticed a juggernaut
 63037 | Depths:2 | Killed a juggernaut
 63097 | Depths:2 | Reached skill level 27 in Fighting
 63173 | Depths:2 | Noticed a golden dragon
 63181 | Depths:2 | Killed a golden dragon
 63222 | Depths:2 | Noticed a juggernaut
 63228 | Depths:2 | Paralysed by a floating eye for 3 turns
 63233 | Depths:2 | Paralysed by a floating eye for 3 turns
 63236 | Depths:2 | Killed a juggernaut
 63788 | Depths:2 | Reached XP level 24. HP: 201/224 MP: 26/26
 64618 | Depths:2 | Found a one-way gateway to a ziggurat.
 64625 | Depths:2 | Identified the +3 falchion of Impeachment {freeze, Int+4}
 64627 | Depths:2 | Paralysed by a floating eye for 4 turns
 65117 | Depths:2 | Lost mutation: Your spells are a little easier to cast, but
                  | a little less powerful. [a neqoxec]
 65123 | Depths:2 | Lost mutation: Your magical capacity is low. (-10% MP)
                  | [potion of mutation]
 65123 | Depths:2 | Lost mutation: You are dopey. (Int -2) [potion of mutation]
 65123 | Depths:2 | Lost mutation: You are frail. (-10% HP) [potion of
                  | mutation]
 65123 | Depths:2 | Gained mutation: Your body sometimes deteriorates upon
                  | taking damage. [potion of mutation]
 65123 | Depths:2 | Gained mutation: You occasionally lose the ability to read
                  | scrolls when taking damage. [potion of mutation]
 65124 | Depths:2 | Lost mutation: Your body sometimes deteriorates upon taking
                  | damage. [potion of mutation]
 65124 | Depths:2 | Lost mutation: You occasionally lose the ability to read
                  | scrolls when taking damage. [potion of mutation]
 65124 | Depths:2 | Gained mutation: You are resistant to electric shocks.
                  | (rElec) [potion of mutation]
 65190 | Depths:2 | Found a sacrificial altar of Ru.
 65787 | Depths:3 | Identified the +7 war axe of Filigreed Forgiveness {freeze,
                  | rN+ Int+3 Dex+3 Stlth+}
 65932 | Depths:3 | Reached skill level 15 in Armour
 67517 | Depths:3 | Found the +7 Singing Sword {vorpal, sonic wave}
 67517 | Depths:3 | Found the +7 Kryia's mail coat {PotionHeal*2 rC+}
 67519 | Depths:3 | Found a burning altar of Makhleb.
 68016 | Depths:3 | Identified the +0 helmet of the Boiling Point {Str+3 Int+4}
 68154 | Depths:4 | Entered Level 4 of the Depths
 68246 | Depths:4 | Found Zerchyguo's Armour Shop.
 68250 | Depths:4 | Found Awun's Assorted Antiques.
 68251 | Depths:4 | Found Wuylauti's Antique Weapon Shop.
 68264 | Depths:4 | Bought a glimmering plate armour for 1008 gold pieces
 68264 | Depths:4 | Identified the +0 plate armour "Rafrumim" {rElec rCorr
                  | Int+4} (You bought it in a shop on level 4 of the Depths)
 70122 | Depths:4 | Found Woviac's Armour Boutique.
 70386 | Depths:4 | Found a gate to the Realm of Zot.
 70464 | Depths:4 | Got the Octavo of the Excursion and Flames
 70518 | Depths:4 | Noticed a juggernaut
 70526 | Depths:4 | Killed a juggernaut
 70736 | Zot:1    | Entered Level 1 of the Realm of Zot
 71167 | Zot:1    | Reached XP level 25. HP: 257/257 MP: 29/29
 71364 | Zot:1    | Noticed a Killer Klown
 71390 | Zot:1    | Killed a Killer Klown
 71870 | Zot:1    | Noticed a Killer Klown
 71878 | Zot:1    | Killed a Killer Klown
 72449 | Zot:1    | Reached skill level 15 in Evocations
 75419 | Zot:2    | Got the Codex of Fog
 75849 | Zot:3    | You fall into a shaft and drop 1 floor!
 76431 | Zot:4    | Bought a +2 pair of boots of flying for 322 gold pieces
 76447 | Zot:4    | Bought the +1 helmet "Vesul" {Will++ Dex-3} for 363 gold
                  | pieces
 77066 | Zot:4    | Reached XP level 26. HP: 226/266 MP: 29/29
 77830 | Zot:4    | Noticed a Killer Klown
 77856 | Zot:4    | Killed a Killer Klown
 78589 | Zot:5    | Entered Level 5 of the Realm of Zot
 79894 | Zot:5    | Noticed a dread lich
 79912 | Zot:5    | Killed a dread lich
 79915 | Zot:5    | Noticed an ancient lich
 79926 | Zot:5    | Killed an ancient lich
 80038 | Zot:5    | Noticed a Killer Klown
 80038 | Zot:5    | Noticed a Killer Klown
 80038 | Zot:5    | Noticed an ancient lich
 80053 | Zot:5    | Killed a Killer Klown
 80066 | Zot:5    | Killed a Killer Klown
 80098 | Zot:5    | Noticed a Killer Klown
 80099 | Zot:5    | Noticed a Killer Klown
 80112 | Zot:5    | Lost intelligence.
 80114 | Zot:5    | Noticed an orb of fire
 80118 | Zot:5    | Gained mutation: Your magical capacity is low. (-10% MP)
                  | [an orb of fire]
 80118 | Zot:5    | Noticed a Killer Klown
 80124 | Zot:5    | HP: 11/266 [electric golem (6)]
 80124 | Zot:5    | Gained mutation: You passively dampen the noise of your
                  | surroundings. [an orb of fire]
 80124 | Zot:5    | HP: 4/266 [black draconian/bolt of lightning (7)]
 80124 | Zot:5    | Mangled by a Killer Klown

Illustrated notes

Levels and vault maps discovered:
D:1:      dpeg_arrival_renting, layout_basic,
          hellmonk_ecumenical_altar_heavens_door, nrook_mini_vaults,
          chequers_serial_rivers_micro_b
D:2:      layout_loops_cross, kennysheep_generic_room_6
D:3:      layout_basic, kennysheep_generic_room_14
D:4:      layout_loops_cross, nicolae_gozag_seed_capital, minmay_manual_mess,
          uniq_duvessa, uniq_robin
D:5:      layout_basic, grunt_tough_drop, uniq_pikel
D:6:      layout_rooms, minmay_temple_entry_tees, kennysheep_decorative_pillar
D:7:      layout_gridville
D:8:      layout_rooms
D:9:      layout_roguey, trog_hazing_becter, lightli_temple_of_fire,
          david_lair_shrubbed, david_orc_5, serial_shops, shop,
          minmay_misc_feat_room, kennysheep_generic_room_10
D:10:     minmay_the_grid_square_5x5_3x3 [minmay_the_grid_square_5x5_misaligned,
          minmay_the_grid_square_5x5_checkered,
          minmay_the_grid_square_5x5_checkered_sparse,
          minmay_the_grid_square_5x5_almost_minimal,
          minmay_the_grid_square_5x5_megaprize_hollow,
          minmay_the_grid_square_5x5_two, minmay_the_grid_square_5x5_forky,
          minmay_the_grid_square_5x5_dogpile, minmay_the_grid_square_5x5_eight],
          layout_cave_pools, serial_gnoll_camp, gnoll_camp_mini_doghouse,
          gnoll_camp_mini_sergeant, gnoll_camp_mini_doghouse, grums_kennel,
          gnoll_camp_mini_hut, gnoll_camp_huts_basic,
          gammafunk_ghost_necromancy, uniq_amaemon
D:11:     layout_gridville, uniq_maurice
D:12:     layout_basic, minmay_misc_feat_nine_boxes,
          hellmonk_guarded_unrand_lears
D:13:     layout_layer_cave, grunt_vaults_entry_tiered, minivault_8
D:14:     layout_basic, chequers_serial_rivers_micro_b, uniq_azrael, uniq_rupert
D:15:     grunt_enter_depths_snipers, layout_basic, uniq_louise, uniq_nessos
Lair:1:   layout_chaotic_city, serial_bayou_pond_c, uniq_joseph
Lair:2:   layout_roguey [special_room_bee], minmay_snake_entry_guardpost_small,
          ebering_ghost_reflecting_pool, amcnicky_altar_lugonu_corruption,
          grunt_megastairs_4, infiniplex_staircase_pool_2, serial_bayou_shore_b
Lair:3:   layout_loops_ring, minmay_swamp_entry_worms, uniq_kirke
Lair:4:   layout_cave_pods, uniq_urug
Lair:5:   gammafunk_lair_ancient_temple, layout_regular_city,
          minmay_slime_entry_oklob_open, gammafunk_ghost_hydra_chop,
          portal_ice_cave_entry_ice_simulacra,
          grunt_forest_small_clearing_treed, infiniplex_staircase_pool
Swamp:1:  layout_basic_swamp, nicolae_swamp_oxbows, uniq_jorgrun
Swamp:2:  layout_falls_marsh, nicolae_swamp_small_spring
Swamp:3:  layout_basic_swamp, evilmike_swamp_ruin_house_5
Swamp:4:  swamp_old_school, layout_basic_swamp
Snake:1:  layout_chambers, gammafunk_ghost_arena
Snake:2:  layout_grid_shapes, nicolae_snake_ghostly_warrior_ritual,
          serial_bayou_shore_a
Snake:3:  nicolae_snake_nest, layout_rooms, nicolae_snake_gridmaze_waves
Snake:4:  hellmonk_snake_rune_quicksilver_temple, layout_onion,
          grunt_ministairs_11
Orc:1:    layout_caves, serial_shops, shop, lightli_volcano_entry_magma_tube,
          uniq_erica
Orc:2:    grunt_orc_gardens, layout_caves, grunt_orc_garden, grunt_orc_garden,
          grunt_orc_garden, grunt_orc_garden, uniq_saint_roka
Vaults:1: ebering_ghost_inner_flame, nicolae_vaults_theta,
          vaults_mumra_chevron_long, vaults_room_stairs_pillars,
          vaults_standard_mumra_x, ontoclasm_vaults_loading_screen,
          layout_vaults_omnigrid
Vaults:2: st_greater_box_1, ontoclasm_vaults_gateway,
          nicolae_vaults_network_barrier, vaults_dpeg_diagonal,
          grunt_vaults_hallway_short, vaults_mumra_hex, v_rooms_2, v_misc_29,
          v_alt_pattern_2, ontoclasm_vaults_chip, v_misc_15,
          layout_vaults_chaotic_city, serial_shops, shop
Vaults:3: vaults_room_fours, vaults_dpeg_emergency_exit,
          minmay_crypt_entry_necro_gods, nicolae_vaults_arrows, v_misc_30,
          nicolae_vaults_mini_display_case, st_lines, vaults_room_door_hall,
          v_misc_25, ontoclasm_vaults_ring_square, layout_vaults_omnibox,
          serial_shops, nicolae_lakefront_shop, uniq_nikola, uniq_donald
Vaults:4: v_alt_pattern_3, v_misc_13, vaults_room_stairs_pillars,
          nicolae_vaults_what_the_h, v_pattern_1, hangedman_vaults_trim,
          v_alt_pattern_4, vaults_dpeg_spiral, st_star, v_misc_3,
          hangedman_vaults_nails, vaults_room_pools, ontoclasm_vaults_shuriken,
          layout_vaults_maze
Depths:1: layout_gridlike, abyss_entry, minmay_tree_intersection, serial_shops,
          nicolae_square_shop, nicolae_shop_crystal, nicolae_take_the_stairs,
          nicolae_shop_statue_plus, shop, pan_entry, grunt_hell_entry_dis_old,
          small_chamber_with_monster, nicolae_blasting_shop,
          serial_bayou_lagoon_a, minmay_acid_items
Depths:2: grunt_bent_corner, layout_long_grid, enter_ziggurat_a,
          rand_demon_pan_entry_7, serial_co_window_serial, co_window_paths_a,
          co_window_paths_a, co_window_corner_a, co_window_paths_a,
          co_window_corner_a, co_window_corner_a, co_window_corner_a,
          co_window_unsneaky_path_b, co_window_of_opportunity_b,
          co_window_corner_ca, co_window_corner_b, co_window_2corner,
          co_window_paths_e, glass_columns_a, glass_columns_c, glass_columns_b,
          glass_columns_a, glass_columns_b, hell_entry, nicolae_ru_awakened_eye
Depths:3: evilmike_makhleb_hellhole, layout_basic, abyss_entry,
          grunt_mini_vestibule, infiniplex_staircase_pool_lava
Depths:4: grunt_zot_entry_alcove, layout_basic, serial_shops,
          nicolae_shop_hallway_stairs, hell_entry, serial_bayou_shore_b,
          minmay_shop_star
Zot:1:    grunt_zot_stairs_faceoff, layout_gridlike
Zot:2:    grunt_twist_and_shout, layout_onion_interference, grunt_ministairs_7
Zot:3:    kennysheep_bubbly, layout_cellular_growth
Zot:4:    layout_basic
Zot:5:    layout_gridlike, drop_trap

Skill      XL: |  1  2  3  4  5  6  7  8  9 10 11 12 13 14 15 16 17 18 19 20 21 22 23 24 25 26 |
---------------+-------------------------------------------------------------------------------+-----
Axes           | 3 4 5 6 8 10 11 14 16 18 21 24 26 27 | 27.0
Fighting       | 4 5 6 7 9 10 12 15 16 17 18 20 21 24 27 | 27.0
Throwing       | 2 3 4 6 10 11 12 14 15 16 17 | 17.0
Evocations     | 1 3 4 5 7 9 10 12 14 15 | 15.0
Shields        | 6 9 10 | 10.0
Dodging        | 4 8 9 10 11 12 13 15 16 | 16.0
Armour         | 6 10 14 16 20 23 | 23.3
Transmutations | 6 8 |  8.0
Spellcasting   | 4 |  4.0

Action                   |  1- 3 |  4- 6 |  7- 9 | 10-12 | 13-15 | 16-18 | 19-21 | 22-24 | 25-27 || total
-------------------------+-------+-------+-------+-------+-------+-------+-------+-------+-------++-------
Melee: War axe           |   130 |   106 |   261 |   132 |       |       |       |       |     1 ||   630
       Broad axe         |       |       |       |   486 |   962 |       |       |       |       ||  1448
       Unarmed           |       |       |       |     3 |       |       |       |       |       ||     3
       Battleaxe         |       |       |       |       |   160 |   974 |  1112 |  1396 |   783 ||  4425
Throw: Javelin           |       |     6 |     6 |    36 |    32 |    24 |    82 |    69 |    15 ||   270
       Boomerang         |       |       |    36 |    81 |   177 |   115 |    26 |    32 |    34 ||   501
       Dart              |       |       |       |     1 |       |       |       |       |       ||     1
       Throwing net      |       |       |       |       |       |     2 |       |       |       ||     2
 Cast: Wereblood         |       |       |       |       |       |     5 |    14 |    28 |     9 ||    56
Invok: Potion Petition   |       |       |       |     4 |     6 |    10 |     4 |    18 |     2 ||    44
       Call Merchant     |       |       |       |       |       |       |       |     1 |     1 ||     2
       Bribe Branch      |       |       |       |       |       |       |       |       |     1 ||     1
Evoke: Wand              |       |     3 |     5 |    13 |    15 |     8 |     4 |     1 |     1 ||    50
       Phantom mirror    |       |       |       |     1 |     3 |     2 |     2 |       |       ||     8
       Condenser vane    |       |       |       |       |       |       |       |     1 |       ||     1
  Use: Scroll            |       |       |     5 |       |    27 |    13 |     2 |     9 |     4 ||    60
       Potion            |       |       |       |     1 |     2 |     1 |     3 |    11 |     5 ||    23
 Stab: Distracted        |       |       |     2 |     7 |     9 |     9 |    25 |    31 |    10 ||    93
       Paralysed         |       |       |       |       |    10 |     3 |       |       |       ||    13
       Petrifying        |       |       |       |       |       |       |     3 |       |       ||     3
       Invisible         |       |       |       |       |       |       |       |    11 |       ||    11
Armor: Scale mail        |    70 |    35 |   101 |   209 |    85 |       |       |       |       ||   500
       Chain mail        |       |       |       |    45 |   140 |   226 |       |    28 |   367 ||   806
       Leather armour    |       |       |       |       |    36 |       |       |       |       ||    36
       Skin              |       |       |       |       |     1 |       |       |       |       ||     1
       Plate armour      |       |       |       |       |    43 |   113 |       |   166 |       ||   322
       Storm dragon scal |       |       |       |       |       |   169 |   460 |   431 |       ||  1060
Dodge: Dodged            |    78 |    42 |    91 |   284 |   404 |   605 |   598 |   818 |   421 ||  3341
Block: Buckler           |    31 |    30 |    60 |   277 |   492 |       |       |       |       ||   890
       Other             |       |       |       |     5 |     2 |    92 |   144 |   130 |    89 ||   462
       Reflection        |       |       |       |     2 |    11 |     1 |    21 |     2 |       ||    37
